[Event "December 5 Early 2023"]
[Site "https://www.chess.com"]
[Date "2023.12.05"]
[Round "6"]
[White "Timerkhanov, Alexander"]
[Black "Topalov, Aleksandar"]
[Result "1-0"]
[Board "125"]
[TimeControl "180+1"]
[WhiteFideId "24177938"]
[BlackFideId "925659"]
[WhiteElo "2645"]
[BlackElo "2434"]
[WhiteTeam "RUS"]
[BlackTeam "SRB"]
[WhiteClock "0:01:35"]
[BlackClock "0:00:46"]

1. d4 Nf6 2. Bg5 g6 3. Bxf6 exf6 4. e3 f5 5. g3 h5 6. h4 d6 7. Bg2 Nd7 8. Ne2 Nf6 9. c4 Ng4 10. Nbc3 Bh6 11. Nf4 a5 12. Qd3 c6 13. a3 O-O 14. O-O g5 15. hxg5 Qxg5 16. f3 Nxe3 17. Qxe3 Qxg3 18. Nce2 Qh4 19. Qf2 Qg5 20. Nh3 Qf6 21. f4 Bd7 22. Bf3 h4 23. Kh2 Kh8 24. Rg1 Rg8 25. Rxg8+ Rxg8 26. Rg1 Rg6 27. Ng5 Kg7 28. Qxh4 c5 29. Bd5 cxd4 30. Ng3 Be6 31. Nh5+ 1-0

[Event "December 5 Early 2023"]
[Site "https://www.chess.com"]
[Date "2023.12.05"]
[Round "6"]
[White "Swicarz, Maciej"]
[Black "Gubajdullin, Alexei"]
[Result "1-0"]
[Board "126"]
[TimeControl "180+1"]
[WhiteFideId "1113585"]
[BlackFideId "4141202"]
[WhiteElo "2434"]
[BlackElo "2627"]
[WhiteTeam "POL"]
[BlackTeam "RUS"]
[WhiteClock "0:00:11"]
[BlackClock "0:00:00"]

1. e4 g6 2. d4 Bg7 3. Nc3 d6 4. Be3 a6 5. a4 Nf6 6. Be2 Nc6 7. h3 a5 8. Nf3 O-O 9. O-O Nd7 10. Qd2 Nb4 11. Bc4 c6 12. Rac1 Qc7 13. Bh6 Nb6 14. Bb3 Be6 15. Bxe6 fxe6 16. Bxg7 Kxg7 17. Ng5 Qd7 18. d5 e5 19. Ne6+ Kg8 20. Nxf8 Rxf8 21. dxc6 bxc6 22. b3 Qe6 23. f4 exf4 24. Rxf4 Rxf4 25. Qxf4 Nd7 26. Rf1 Nxc2 27. Qg4 Qxg4 28. hxg4 Nc5 29. Rb1 Kf7 30. Kf2 Ke6 31. Kf3 Nxb3 32. Kf4 Ncd4 33. Rh1 d5 34. Rxh7 Kd6 35. e5+ Ke6 36. Rg7 Nc5 37. Rxg6+ Kf7 38. Rh6 Kg7 39. g5 Nde6+ 40. Kf5 Nd4+ 41. Kg4 e6 42. Rh1 Nd3 43. Rb1 Nxe5+ 44. Kh5 Nf5 45. Rb7+ Kg8 46. Ra7 Ng7+ 47. Kh4 Nf5+ 48. Kh3 d4 49. Ne4 d3 50. Rxa5 Nc4 51. Ra7 1-0

[Event "December 5 Early 2023"]
[Site "https://www.chess.com"]
[Date "2023.12.05"]
[Round "6"]
[White "Burmakin, Evgeniy"]
[Black "Kotlyar, Kirill"]
[Result "1-0"]
[Board "127"]
[TimeControl "180+1"]
[WhiteFideId "4163729"]
[BlackFideId "24145599"]
[WhiteElo "2432"]
[BlackElo "2617"]
[WhiteTeam "RUS"]
[BlackTeam "RUS"]
[WhiteClock "0:00:16"]
[BlackClock "0:00:14"]

1. e4 e5 2. Nf3 Nc6 3. Bb5 a6 4. Ba4 Nf6 5. O-O Be7 6. Re1 b5 7. Bb3 O-O 8. c3 d5 9. exd5 Nxd5 10. Nxe5 Nxe5 11. Rxe5 c6 12. d4 Bd6 13. Re1 Qh4 14. g3 Qh3 15. Be3 Bg4 16. Qd3 f5 17. f4 Rae8 18. Nd2 g5 19. Qf1 Qh5 20. fxg5 Rxe3 21. Rxe3 f4 22. Rf3 Qxg5 23. Ne4 Qg6 24. Nxd6 Qxd6 25. Rxf4 Rxf4 26. Qxf4 Qd7 27. Rf1 Kg7 28. Qf8+ Kg6 29. Bxd5 cxd5 30. Rf6+ Kh5 31. Qh6# 1-0

[Event "December 5 Early 2023"]
[Site "https://www.chess.com"]
[Date "2023.12.05"]
[Round "6"]
[White "Can, Melih Kaan"]
[Black "Agibileg, Uurtsaikh"]
[Result "0-1"]
[Board "128"]
[TimeControl "180+1"]
[WhiteFideId "6317383"]
[BlackFideId "4901606"]
[WhiteElo "2430"]
[BlackElo "2612"]
[WhiteTeam "TUR"]
[BlackTeam "MGL"]
[WhiteClock "0:00:27"]
[BlackClock "0:01:31"]

1. e4 e5 2. Nf3 Nc6 3. d4 exd4 4. Nxd4 Nf6 5. Nc3 Bb4 6. Nxc6 bxc6 7. Bd3 O-O 8. Bg5 h6 9. Bh4 d5 10. O-O g5 11. Bg3 Bxc3 12. bxc3 dxe4 13. Bc4 Qe7 14. Re1 Bf5 15. Qe2 Rfe8 16. Rab1 Nd5 17. Bxd5 cxd5 18. Rb7 Rac8 19. Qa6 Qe6 20. Qxa7 c6 21. Qc5 Ra8 22. Rb6 Rec8 23. a3 Ra4 24. Bd6 Rc4 25. Qa5 Qxd6 26. Qa6 Rxc3 27. h3 Rxc2 28. g4 Bd7 0-1

[Event "December 5 Early 2023"]
[Site "https://www.chess.com"]
[Date "2023.12.05"]
[Round "6"]
[White "Kovalyov, Eduard"]
[Black "Janaszak, Dawid"]
[Result "0-1"]
[Board "129"]
[TimeControl "180+1"]
[WhiteFideId "14118033"]
[BlackFideId "1119206"]
[WhiteElo "2425"]
[BlackElo "2592"]
[WhiteTeam "UKR"]
[BlackTeam "POL"]
[WhiteClock "0:00:08"]
[BlackClock "0:00:14"]

1. d4 d5 2. c4 e6 3. Nc3 c5 4. cxd5 cxd4 5. Qxd4 Nc6 6. Qd1 exd5 7. Qxd5 Bd6 8. Nf3 Nf6 9. Qd1 Bf5 10. a3 Qe7 11. e3 O-O-O 12. Bd2 g5 13. Be2 g4 14. Nd4 Nxd4 15. exd4 Kb8 16. O-O h5 17. Nb5 h4 18. Re1 g3 19. Nxd6 gxf2+ 20. Kxf2 Qxd6 21. Be3 Qxh2 22. Bf3 Rhg8 23. Qd2 Ng4+ 24. Bxg4 Rxg4 25. Rg1 Be4 26. Kf1 Rdg8 27. Rc1 h3 28. d5 Bxg2+ 29. Ke1 Qg3+ 30. Bf2 Re8+ 31. Kd1 Qb3+ 32. Rc2 h2 33. Re1 Bf3+ 34. Kc1 Rxe1+ 35. Qxe1 h1=Q 36. Bg3+ Rxg3 37. Qxh1 Bxh1 0-1

[Event "December 5 Early 2023"]
[Site "https://www.chess.com"]
[Date "2023.12.05"]
[Round "6"]
[White "Azar, Sebastien"]
[Black "Kim, Sergey"]
[Result "1-0"]
[Board "130"]
[TimeControl "180+1"]
[WhiteFideId "2640198"]
[BlackFideId "13700570"]
[WhiteElo "2422"]
[BlackElo "2588"]
[WhiteTeam "CAN"]
[BlackTeam "KAZ"]
[WhiteClock "0:00:05"]
[BlackClock "0:00:11"]

1. e4 e5 2. Nf3 Nc6 3. Bb5 a6 4. Ba4 Nf6 5. d3 b5 6. Bb3 Bc5 7. O-O d6 8. c3 h6 9. a4 Rb8 10. Re1 O-O 11. Nbd2 Nh5 12. Nf1 Qf6 13. Be3 Bb6 14. Bxb6 Rxb6 15. Ne3 Ne7 16. d4 Nf4 17. dxe5 dxe5 18. axb5 axb5 19. Ra7 Rd6 20. Qc2 c6 21. Rd1 Rfd8 22. Rxd6 Rxd6 23. c4 b4 24. c5 Rd8 25. Nf5 Bxf5 26. exf5 Ned5 27. Qe4 Re8 28. g3 Nh3+ 29. Kg2 Ng5 30. Nxg5 hxg5 31. Bxd5 cxd5 32. Qxd5 Qxf5 33. c6 Rc8 34. Rd7 g4 35. c7 Kh7 36. Rxf7 Qg6 37. Re7 Qf6 38. Qe4+ Qg6 39. Qxe5 Qc6+ 40. Qe4+ Qxe4+ 41. Rxe4 Rxc7 42. Rxb4 Rc2 43. Rb7 Kh6 44. b4 Rb2 45. b5 Kh7 46. b6 Kh6 47. Rb8 Kh7 48. Kg1 Rb1+ 49. Kg2 Rb2 50. b7 Rb3 51. h3 gxh3+ 52. Kxh3 Rb4 53. f4 Rb1 54. g4 Rb3+ 55. Kh4 g6 56. Kg5 Rb5+ 57. f5 gxf5 58. gxf5 Rb6 59. f6 Rb5+ 60. Kf4 Rb4+ 61. Ke5 Rb5+ 62. Ke6 Rb6+ 63. Ke7 Rb1 64. f7 Re1+ 65. Kf8 Rb1 66. Ke8 Re1+ 67. Kd7 Rd1+ 68. Ke6 Re1+ 69. Kd5 Rd1+ 70. Ke4 Re1+ 71. Kf3 Rf1+ 72. Ke2 Rxf7 73. Rh8+ Kxh8 74. b8=Q+ Kg7 75. Qe5+ Rf6 76. Ke3 Kf7 77. Qc7+ Kg6 78. Ke4 Rf7 79. Qd6+ Rf6 80. Qd7 Rf7 81. Qe8 Kg7 82. Ke5 Rf8 83. Qe7+ Rf7 84. Qg5+ Kf8 85. Ke6 Rg7 86. Qd8# 1-0

[Event "December 5 Early 2023"]
[Site "https://www.chess.com"]
[Date "2023.12.05"]
[Round "6"]
[White "Shubenkova, Veronika"]
[Black "Balla, Tamas-Kristof"]
[Result "1-0"]
[Board "131"]
[TimeControl "180+1"]
[WhiteFideId "44124040"]
[BlackFideId "1208497"]
[WhiteElo "2579"]
[BlackElo "2418"]
[WhiteTeam "RUS"]
[BlackTeam "ROU"]
[WhiteClock "0:01:53"]
[BlackClock "0:00:16"]

1. e4 c5 2. Nc3 Nc6 3. g3 g6 4. Bg2 Bg7 5. d3 e6 6. f4 Nge7 7. Nf3 O-O 8. Rb1 d6 9. O-O Rb8 10. Be3 b5 11. Ne2 e5 12. h3 Nd4 13. c3 exf4 14. gxf4 Ndc6 15. Ng3 f5 16. Qc2 fxe4 17. dxe4 Kh8 18. Rbd1 Be6 19. Bxc5 Qa5 20. Bxd6 Rbc8 21. Ng5 Bxa2 22. f5 gxf5 23. Nxf5 Nxf5 24. exf5 Nd4 25. Qe4 Qb6 26. Bxf8 Ne2+ 27. Kh2 Qc7+ 28. Bd6 1-0

[Event "December 5 Early 2023"]
[Site "https://www.chess.com"]
[Date "2023.12.05"]
[Round "6"]
[White "Bochnicka, Vladimir"]
[Black "Morgunov, Marc"]
[Result "0-1"]
[Board "132"]
[TimeControl "180+1"]
[WhiteFideId "14943450"]
[BlackFideId "1640305"]
[WhiteElo "2413"]
[BlackElo "2567"]
[WhiteTeam "SVK"]
[BlackTeam "AUT"]
[WhiteClock "0:00:00"]
[BlackClock "0:00:14"]

1. e4 c5 2. Nf3 d6 3. d4 cxd4 4. Nxd4 Nf6 5. Nc3 Nc6 6. f3 e5 7. Nb3 Be7 8. Be3 O-O 9. Nd5 Nxd5 10. exd5 Nb8 11. Be2 f5 12. c4 Nd7 13. O-O b6 14. f4 exf4 15. Bxf4 g5 16. Bd2 Ne5 17. Nd4 f4 18. Qc2 Bf6 19. Kh1 Bg7 20. a4 Bd7 21. Bd3 h6 22. Bb4 Qf6 23. Bc3 Rac8 24. b3 Rfe8 25. Bf5 Bxf5 26. Qxf5 Qxf5 27. Nxf5 Rcd8 28. a5 Rf8 29. Nxg7 Kxg7 30. axb6 axb6 31. Ra7+ Kg6 32. Rb7 Rb8 33. Re7 Rfe8 34. Rc7 Ra8 35. Bxe5 dxe5 36. Rc6+ Kf5 37. Rxb6 e4 38. d6 e3 39. d7 e2 40. Re1 Ra1 0-1

[Event "December 5 Early 2023"]
[Site "https://www.chess.com"]
[Date "2023.12.05"]
[Round "6"]
[White "Vivaan Vishal Shah"]
[Black "Mushini Ajay"]
[Result "1/2-1/2"]
[Board "133"]
[TimeControl "180+1"]
[WhiteFideId "25184237"]
[BlackFideId "35066188"]
[WhiteElo "2562"]
[BlackElo "2411"]
[WhiteTeam "IND"]
[BlackTeam "IND"]
[WhiteClock "0:00:13"]
[BlackClock "0:00:05"]

1. e4 c5 2. Nf3 Nc6 3. d4 cxd4 4. c3 dxc3 5. Nxc3 d6 6. Bc4 Nf6 7. e5 dxe5 8. Qxd8+ Nxd8 9. Nb5 Rb8 10. Nxe5 e6 11. Be3 Bb4+ 12. Ke2 a6 13. a3 Be7 14. Nc7+ Kf8 15. Ba7 b5 16. Bxb8 bxc4 17. Nxc4 Bb7 18. f3 Nc6 19. Rac1 Nxb8 20. Na5 Bc8 21. Nd5 Bd7 22. Nxe7 Kxe7 23. Rhd1 Bb5+ 24. Kf2 Nd5 25. b3 Bd7 26. Nb7 Nc6 27. Nc5 Bc8 28. Nxa6 Ne5 29. Nc7 Nf4 30. Rc3 Bd7 31. Re3 Nfg6 32. h3 Rc8 33. Rc3 Rb8 34. b4 Nf4 35. Na6 Ra8 36. Nc5 Nd5 37. Rb3 Ba4 38. Nxa4 Rxa4 39. b5 Nc4 40. Rd4 Rxa3 41. Rb1 Ncb6 42. Rc1 Ra2+ 43. Kg1 f5 44. Kh1 Kf6 45. Rc6 g5 46. Rd2 Rxd2 47. Rd6 Rd1+ 48. Kh2 f4 49. h4 Ke5 50. hxg5 Kxd6 51. g6 hxg6 52. Kh3 Rh1+ 53. Kg4 Ne3+ 54. Kg5 Nbd5 55. Kxg6 Nxg2 56. Kg7 Ne1 57. Kf8 Nxf3 58. b6 Ne5 59. b7 Rh8+ 60. Kg7 Rg8+ 61. Kh6 Nf6 62. b8=Q+ Rxb8 63. Kg7 Ne4 64. Kh6 Nf3 65. Kh5 Nh2 66. Kh4 f3 67. Kh3 f2 68. Kxh2 Nd2 69. Kg3 f1=Q 70. Kg4 Qf5+ 71. Kh4 Rg8 1/2-1/2

[Event "December 5 Early 2023"]
[Site "https://www.chess.com"]
[Date "2023.12.05"]
[Round "6"]
[White "Vakhidov, Shahzod"]
[Black "Matthes, Aaron"]
[Result "0-1"]
[Board "134"]
[TimeControl "180+1"]
[WhiteFideId "14205270"]
[BlackFideId "16227310"]
[WhiteElo "2547"]
[BlackElo "2409"]
[WhiteTeam "UZB"]
[BlackTeam "GER"]
[WhiteClock "0:00:20"]
[BlackClock "0:00:23"]

1. d4 Nf6 2. Nf3 b6 3. g3 Bb7 4. Bg2 e6 5. O-O Be7 6. c4 O-O 7. d5 exd5 8. Nh4 Ne4 9. cxd5 Bxh4 10. Bxe4 Bf6 11. Qc2 g6 12. Bf4 d6 13. Nc3 Nd7 14. Rac1 Re8 15. Bg2 a5 16. Ne4 Nc5 17. Nxc5 bxc5 18. b3 Qd7 19. e4 a4 20. Rfe1 axb3 21. axb3 Ra3 22. e5 dxe5 23. Be3 Bxd5 24. Red1 c6 25. Qxc5 Rxb3 26. Bxd5 cxd5 27. Rxd5 Qb7 28. Rcd1 Rb1 29. Bh6 Rxd1+ 30. Rxd1 Qf3 31. Qd6 Bg7 32. Be3 Qf6 33. Qd7 Qe6 34. Qb7 h6 35. h4 e4 36. Rd7 Qf5 37. Qc7 Be5 38. Qc6 Qf3 39. Rd5 Re6 40. Rd8+ Kg7 41. Qe8 Rxe8 42. Rxe8 Bxg3 43. Rc8 f6 44. Rc3 Bxh4 45. Rc7+ Kf8 46. Rc8+ Ke7 47. Rc7+ Kd8 48. Rc1 Qg4+ 49. Kf1 Bg5 50. Re1 Qh3+ 51. Ke2 Bxe3 52. fxe3 Qf3+ 53. Kd2 Qf2+ 54. Re2 Qxe2+ 55. Kxe2 f5 56. Kf2 Ke7 57. Kg3 Kf6 58. Kf4 g5+ 59. Kg3 Ke5 60. Kh3 h5 61. Kg3 f4+ 62. Kg2 f3+ 63. Kf1 Kf5 64. Kf2 g4 65. Kg1 h4 66. Kh2 g3+ 67. Kh1 h3 68. Kg1 g2 69. Kh2 Ke5 70. Kg1 Kd5 71. Kf2 Kc6 72. Kg1 Kb5 73. Kf2 Ka5 74. Kg1 Ka4 75. Kf2 Kb4 76. Kg1 Kc4 77. Kh2 Kc3 78. Kg1 Kd3 79. Kf2 h2 80. Kg3 g1=Q+ 81. Kf4 f2 0-1

[Event "December 5 Early 2023"]
[Site "https://www.chess.com"]
[Date "2023.12.05"]
[Round "6"]
[White "Barath1308"]
[Black "Iskusnyh, Sergei"]
[Result "0-1"]
[Board "135"]
[TimeControl "180+1"]
[BlackFideId "4120027"]
[WhiteElo "2405"]
[BlackElo "2543"]
[BlackTeam "RUS"]
[WhiteClock "0:01:42"]
[BlackClock "0:01:32"]

1. d4 d5 2. Nf3 Nf6 3. c4 c6 4. e3 a6 5. Nc3 e6 6. a4 c5 7. dxc5 Bxc5 8. cxd5 exd5 9. Be2 Nc6 10. O-O O-O 11. b3 d4 12. exd4 Nxd4 13. Nxd4 Qxd4 14. Bb2 Be6 15. Qc2 Rac8 16. Rad1 Qh4 17. Bf3 Bg4 18. Bxb7 Bxd1 19. Rxd1 Ng4 20. h3 Bxf2+ 21. Kh1 Qg3 0-1

[Event "December 5 Early 2023"]
[Site "https://www.chess.com"]
[Date "2023.12.05"]
[Round "6"]
[White "Bilan, Danila"]
[Black "Herman, Daniel"]
[Result "0-1"]
[Board "136"]
[TimeControl "180+1"]
[WhiteFideId "24161918"]
[BlackFideId "30935008"]
[WhiteElo "2532"]
[BlackElo "2402"]
[WhiteTeam "RUS"]
[BlackTeam "USA"]
[WhiteClock "0:00:13"]
[BlackClock "0:00:10"]

1. d4 Nf6 2. c4 g6 3. Nc3 d5 4. Nf3 Bg7 5. e3 O-O 6. b3 c5 7. Bb2 cxd4 8. exd4 Nc6 9. Be2 Bg4 10. h3 Bxf3 11. Bxf3 dxc4 12. Bxc6 bxc6 13. bxc4 Rb8 14. Rb1 Qa5 15. Qf3 c5 16. O-O cxd4 17. Nb5 e5 18. Ba3 Rfe8 19. Nd6 e4 20. Nxe8 Rxe8 21. Qb3 e3 22. fxe3 dxe3 23. Bb2 e2 24. Rfe1 Qc5+ 25. Kh1 Ne4 26. Bxg7 Nd2 27. Qb4 Qxb4 28. Rxb4 Kxg7 29. Rb2 Nf1 30. Rbxe2 Ng3+ 31. Kg1 Rxe2 32. Rd1 Rxa2 33. Rd7 Rc2 34. Rd3 Nf5 35. Ra3 Rxc4 36. Rxa7 Rc2 37. g4 Nh4 38. Ra3 h6 39. Kf1 g5 40. Ke1 Rh2 41. Kd1 Rf2 42. Ke1 Rf3 43. Ra6 Rxh3 44. Kf2 Rh2+ 45. Ke3 Rg2 46. Ra4 Kg6 47. Ra6+ f6 48. Ra4 h5 49. gxh5+ Kxh5 50. Ra5 f5 51. Ra6 f4+ 52. Ke4 Rb2 53. Ra8 Kg4 54. Rg8 Nf5 55. Rf8 Ng3+ 56. Ke5 f3 57. Rg8 f2 58. Rf8 f1=Q 59. Rxf1 Nxf1 60. Ke6 Ng3 0-1

[Event "December 5 Early 2023"]
[Site "https://www.chess.com"]
[Date "2023.12.05"]
[Round "6"]
[White "Marchesich, Giovanni"]
[Black "Tao, Sihan"]
[Result "1-0"]
[Board "137"]
[TimeControl "180+1"]
[WhiteFideId "2824790"]
[BlackFideId "30982677"]
[WhiteElo "2402"]
[BlackElo "2532"]
[WhiteTeam "ITA"]
[BlackTeam "USA"]
[WhiteClock "0:01:30"]
[BlackClock "0:01:48"]

1. e4 c5 2. Nf3 d6 3. d4 cxd4 4. Nxd4 Nf6 5. Nc3 a6 6. Bc4 e6 7. Bb3 Nc6 8. Be3 Be7 9. Qe2 O-O 10. O-O-O Qc7 11. g4 b5 12. g5 Ne8 13. Rhg1 b4 14. Na4 a5 15. Rg3 Ba6 16. Qh5 Nxd4 17. Bxd4 g6 18. Qh6 Qd8 19. Qxh7+ 1-0

[Event "December 5 Early 2023"]
[Site "https://www.chess.com"]
[Date "2023.12.05"]
[Round "6"]
[White "Marcziter, Dmitrii"]
[Black "Khamdamova, Afruza"]
[Result "0-1"]
[Board "138"]
[TimeControl "180+1"]
[WhiteFideId "13900765"]
[BlackFideId "14210444"]
[WhiteElo "2386"]
[BlackElo "2529"]
[WhiteTeam "GER"]
[BlackTeam "UZB"]
[WhiteClock "0:00:00"]
[BlackClock "0:00:06"]

1. d4 Nf6 2. c4 e6 3. Nf3 d5 4. Nc3 Be7 5. Bg5 O-O 6. e3 h6 7. Bxf6 Bxf6 8. Qb3 c6 9. Be2 Nd7 10. Rd1 Qe7 11. O-O dxc4 12. Bxc4 b5 13. Be2 a5 14. a4 b4 15. Ne4 c5 16. Nxf6+ Qxf6 17. d5 exd5 18. Qxd5 Ra7 19. b3 Rc7 20. Qd6 Qxd6 21. Rxd6 Nf6 22. Bc4 Ne4 23. Rb6 Bf5 24. Ne5 Nd2 25. Rc1 Nxc4 26. Nxc4 Ra8 27. f3 Be6 28. Rb5 Rd8 29. Nxa5 Rd2 30. Rbxc5 Rcd7 31. R1c2 R2d3 32. e4 Bxb3 33. Nxb3 Rxb3 34. Rb5 Rd4 35. a5 Ra3 36. Rb2 Ra4 37. Kf2 Rc4 38. Ke3 Rc3+ 39. Kf4 Rca3 40. Rb8+ Kh7 41. Rb7 Kg6 42. Rb6+ f6 43. a6 Rxa6 44. Rxa6 Rxa6 45. Rxb4 Ra2 46. Kg3 Rd2 47. Rb7 h5 48. h4 Kh6 49. Kh3 Re2 50. Rb6 Rd2 51. g3 Rf2 52. f4 Re2 53. e5 Kg6 54. e6 Kf5 55. Rb7 Kxe6 56. Rxg7 Kf5 57. Rg8 Rd2 58. Rh8 Kg6 59. Rg8+ Kf5 60. Rh8 Kg6 61. f5+ Kxf5 62. Rxh5+ Kg6 63. Rb5 f5 64. Rb6+ Kg7 65. h5 Rf2 66. Kh4 Rg2 67. Rb5 Kf6 68. Rb6+ Kg7 69. h6+ Kh7 70. Rf6 Rg1 71. Kh3 Kh8 72. Kh2 Rf1 73. Kg2 Rc1 74. Rxf5 Rc6 75. Rh5 Kh7 76. Kf3 Rf6+ 77. Ke4 Re6+ 78. Kf5 Rb6 79. g4 Rb5+ 0-1

[Event "December 5 Early 2023"]
[Site "https://www.chess.com"]
[Date "2023.12.05"]
[Round "6"]
[White "Chylewski, Patryk"]
[Black "Ovezdurdyyeva, Jemal"]
[Result "0-1"]
[Board "139"]
[TimeControl "180+1"]
[WhiteFideId "1186191"]
[BlackFideId "14001888"]
[WhiteElo "2528"]
[BlackElo "2375"]
[WhiteTeam "POL"]
[BlackTeam "TKM"]
[WhiteClock "0:00:00"]
[BlackClock "0:00:10"]

1. e4 d6 2. d4 Nf6 3. f3 g6 4. c4 c6 5. Nc3 Bg7 6. Nge2 a6 7. Be3 b5 8. c5 O-O 9. Ng3 Nbd7 10. Rc1 h5 11. h4 dxc5 12. dxc5 Ne5 13. Qc2 Qc7 14. Bf2 Rd8 15. Be2 Be6 16. b3 Bh6 17. Rd1 Rxd1+ 18. Nxd1 Rd8 19. O-O Rd2 20. Qb1 Bf4 21. Be1 Rd8 22. Nh1 Bh2+ 23. Kf2 Bf4 24. g3 Bh6 25. Kg1 Nfd7 26. Qc2 Bh3 27. Rf2 Nf8 28. Rh2 Bc8 29. Bc3 Ne6 30. b4 a5 31. a3 axb4 32. axb4 Nc4 33. Bxc4 bxc4 34. Re2 Ba6 35. Kg2 Bb5 36. Nhf2 Ra8 37. Re1 Qd7 38. Ne3 Ra3 39. Rd1 Qc7 40. Nf1 Ba4 41. Qb2 Rb3 42. Qa2 Rxc3 43. Qxa4 Kg7 44. Qa2 Rb3 45. Qa1+ Kh7 46. Qa4 Qb7 47. Qa5 Rxb4 48. Qa3 Rb2 49. Qa1 c3 50. Kg1 c2 51. Rc1 Bxc1 52. Qxc1 Qb3 53. Ne3 Rb1 0-1

[Event "December 5 Early 2023"]
[Site "https://www.chess.com"]
[Date "2023.12.05"]
[Round "6"]
[White "Melikhov, Evgeny V."]
[Black "Rangel, Daniel"]
[Result "1-0"]
[Board "140"]
[TimeControl "180+1"]
[WhiteFideId "4122046"]
[BlackFideId "2124475"]
[WhiteElo "2374"]
[BlackElo "2526"]
[WhiteTeam "GRE"]
[BlackTeam "BRA"]
[WhiteClock "0:00:06"]
[BlackClock "0:00:03"]

1. d4 Nf6 2. c4 e6 3. Nc3 d5 4. cxd5 exd5 5. Bg5 c6 6. Qc2 Be7 7. e3 O-O 8. Bd3 Nbd7 9. Nf3 Re8 10. O-O h6 11. Bh4 Nf8 12. h3 Be6 13. Ne5 N6d7 14. Bxe7 Qxe7 15. f4 f6 16. Ng6 Nxg6 17. Bxg6 Bf7 18. Bh7+ Kh8 19. Rae1 c5 20. Bf5 Nf8 21. dxc5 Qxc5 22. Qf2 Re7 23. a3 Rae8 24. e4 d4 25. Rd1 Rd8 26. Ne2 g6 27. Bg4 Rxe4 28. Bf3 Re3 29. Nxd4 Ree8 30. Bxb7 Kg7 31. Nf3 Qf5 32. Rxd8 Rxd8 33. Qe3 Qb5 34. Be4 Qxb2 35. f5 g5 36. Qf2 Rd7 37. Qxb2 Re7 38. Bb1 Nd7 39. Ba2 Bh5 40. Be6 Nb6 41. Nd4 Rc7 42. Rc1 Re7 43. Nc6 Rc7 44. Ne5 Re7 45. Ng4 Bxg4 46. hxg4 Na4 47. Qd4 Nb6 48. Rc6 1-0

[Event "December 5 Early 2023"]
[Site "https://www.chess.com"]
[Date "2023.12.05"]
[Round "6"]
[White "Hernandez Jimenez, Alexander Andres"]
[Black "Derjabin, Ilja"]
[Result "1/2-1/2"]
[Board "141"]
[TimeControl "180+1"]
[WhiteFideId "3900452"]
[BlackFideId "14104768"]
[WhiteElo "2371"]
[BlackElo "2519"]
[WhiteTeam "VEN"]
[BlackTeam "UKR"]
[WhiteClock "0:00:06"]
[BlackClock "0:00:04"]

1. e4 e6 2. d4 d5 3. Nc3 Nf6 4. e5 Ne4 5. Bd3 Nxc3 6. bxc3 c5 7. f4 Nc6 8. Nf3 Qa5 9. Bd2 cxd4 10. cxd4 Bb4 11. a3 Bxd2+ 12. Qxd2 b6 13. c3 Ba6 14. O-O Bxd3 15. Qxd3 g6 16. c4 Rd8 17. Rfc1 O-O 18. c5 b5 19. Rcb1 a6 20. a4 b4 21. Nd2 Rb8 22. Nb3 Qc7 23. a5 Rb5 24. Ra4 Rfb8 25. Rba1 Ne7 26. g4 Kf8 27. Kg2 Ke8 28. h3 Kd7 29. Rh1 Kc6 30. Qc2 Rg8 31. Kf3 Qd8 32. Qf2 Nc8 33. Qd2 Ne7 34. Rxb4 Qb8 35. Rxb5 Qxb5 36. Nc1 Rb8 37. Ne2 Qb3+ 38. Kf2 Kc7 39. h4 Nc6 40. h5 Qb2 41. Qxb2 Rxb2 42. hxg6 hxg6 43. Ke3 Ra2 44. Rh7 Nd8 45. f5 gxf5 46. gxf5 Ra3+ 47. Kf4 exf5 48. Kxf5 Rxa5 49. e6 Ra2 50. Nf4 Kc6 51. exf7 Nxf7 52. Rxf7 a5 53. Rf6+ Kb5 54. Nxd5 a4 55. Rb6+ Kc4 56. c6 Kxd5 57. c7 Rc2 58. Rb7 a3 59. Ra7 a2 60. Ra5+ Kd6 61. c8=Q Rxc8 62. Rxa2 Kd5 63. Rd2 Rc4 64. Kf4 Rxd4+ 65. Rxd4+ Kxd4 1/2-1/2

[Event "December 5 Early 2023"]
[Site "https://www.chess.com"]
[Date "2023.12.05"]
[Round "6"]
[White "Kolmagorov, Alexey"]
[Black "Eugene, Floryan"]
[Result "1/2-1/2"]
[Board "142"]
[TimeControl "180+1"]
[WhiteFideId "34129402"]
[BlackFideId "20694784"]
[WhiteElo "2368"]
[BlackElo "2517"]
[WhiteTeam "RUS"]
[BlackTeam "FRA"]
[WhiteClock "0:00:03"]
[BlackClock "0:00:05"]

1. d4 f5 2. g3 Nf6 3. Bg2 g6 4. Nf3 Bg7 5. O-O O-O 6. b3 d6 7. Bb2 Qe8 8. Nbd2 Nc6 9. Re1 e5 10. dxe5 dxe5 11. e4 fxe4 12. Nxe4 Nxe4 13. Rxe4 Bf5 14. Qd5+ Kh8 15. Ree1 Rd8 16. Qb5 e4 17. Bxg7+ Kxg7 18. Ng5 Nd4 19. Qxb7 Qe7 20. Nxe4 Nxc2 21. Rac1 Nxe1 22. Rxe1 Bxe4 23. Rxe4 Rd1+ 24. Bf1 Qc5 25. Re2 Qc1 26. Re7+ Rf7 27. Rxf7+ Kxf7 28. Qf3+ Kg7 29. Qe2 Re1 30. Qd3 Qc5 31. Qd7+ Re7 32. Qd2 a5 33. Bc4 Qe5 34. Kg2 Qe4+ 35. Kh3 Qf5+ 36. Kg2 Rd7 37. Qc3+ Qf6 38. Qxa5 h5 39. Qe1 Rd8 40. Qe3 Ra8 41. h4 Rxa2 42. b4 Ra8 43. b5 Rf8 44. Be2 Qd6 45. Bf3 Rf6 46. Bc6 Re6 47. Qc3+ Qe5 48. Qc1 Qe1 49. Qb2+ Qe5 50. Qc1 Kf6 51. Qh6 Qf5 52. Qf8+ Ke5 53. Qc5+ Kf6 54. Qf8+ Ke5 55. Qc5+ Kf6 56. Qf8+ 1/2-1/2

[Event "December 5 Early 2023"]
[Site "https://www.chess.com"]
[Date "2023.12.05"]
[Round "6"]
[White "Slade, Theodore"]
[Black "Shubin, Daniel"]
[Result "1-0"]
[Board "143"]
[TimeControl "180+1"]
[WhiteFideId "426547"]
[BlackFideId "30936470"]
[WhiteElo "2516"]
[BlackElo "2360"]
[WhiteTeam "ENG"]
[BlackTeam "USA"]
[WhiteClock "0:00:19"]
[BlackClock "0:00:41"]

1. d4 d5 2. c4 e6 3. Nf3 Nf6 4. g3 Nbd7 5. Bg2 c6 6. O-O Be7 7. Qc2 O-O 8. Nbd2 b6 9. e4 Nxe4 10. Nxe4 dxe4 11. Qxe4 Bb7 12. Rd1 Nf6 13. Qc2 Qc7 14. Bf4 Bd6 15. Bxd6 Qxd6 16. c5 Qc7 17. b4 Rad8 18. Ne5 Nd5 19. a3 f6 20. Nc4 Rfe8 21. Nd6 Rxd6 22. cxd6 Qxd6 23. Re1 b5 24. Re2 Nb6 25. Re4 c5 26. dxc5 Bxe4 27. Qxe4 Qd2 28. cxb6 axb6 29. Qc6 Re7 30. Qxb5 Qb2 31. Re1 Qxa3 32. Qxb6 Kf7 33. h4 Qc3 34. Re3 Qc1+ 35. Kh2 Qb2 36. Rd3 Qc2 37. Rd8 h6 38. Bf3 e5 39. Bh5+ g6 40. Bf3 e4 41. Bg2 g5 42. hxg5 hxg5 43. Rh8 Kg7 44. Qd8 f5 45. Qf8+ Kg6 46. Rg8+ Kh7 47. Rh8+ Kg6 48. Qxe7 Qxf2 49. Rg8+ Kh6 50. Qxg5+ Kh7 51. Qg7# 1-0

[Event "December 5 Early 2023"]
[Site "https://www.chess.com"]
[Date "2023.12.05"]
[Round "6"]
[White "Masague Artero, Guerau"]
[Black "Mohammed, Zozek Salah Mohammed"]
[Result "1-0"]
[Board "144"]
[TimeControl "180+1"]
[WhiteFideId "32098952"]
[BlackFideId "4803361"]
[WhiteElo "2516"]
[BlackElo "2350"]
[WhiteTeam "ESP"]
[BlackTeam "IRQ"]
[WhiteClock "0:01:23"]
[BlackClock "0:00:57"]

1. Nf3 d5 2. g3 Nf6 3. Bg2 e6 4. O-O Be7 5. d3 O-O 6. Nbd2 c5 7. e4 Nc6 8. Re1 b5 9. exd5 exd5 10. d4 c4 11. c3 a5 12. Ne5 Bb7 13. a4 b4 14. Ndxc4 dxc4 15. Bxc6 Rb8 16. Qf3 Qc7 17. Bf4 Bd6 18. Bxb7 Rxb7 19. Bg5 Nd7 20. Nxc4 1-0

[Event "December 5 Early 2023"]
[Site "https://www.chess.com"]
[Date "2023.12.05"]
[Round "6"]
[White "Gutierrez Olivares, Daniel"]
[Black "De Arruda, Leandro Formes"]
[Result "1-0"]
[Board "146"]
[TimeControl "180+1"]
[WhiteFideId "2264005"]
[BlackFideId "22722009"]
[WhiteElo "2513"]
[BlackElo "2333"]
[WhiteTeam "ESP"]
[BlackTeam "BRA"]
[WhiteClock "0:00:03"]
[BlackClock "0:00:00"]

1. Nf3 d5 2. g3 Nf6 3. c4 e6 4. Bg2 Be7 5. b3 O-O 6. O-O b6 7. Bb2 Bb7 8. d3 c5 9. a3 Nc6 10. Nbd2 Rc8 11. Qc2 d4 12. h3 a5 13. e4 dxe3 14. fxe3 Qd7 15. Rfd1 Rfd8 16. Nf1 Qc7 17. Qf2 Rd7 18. Rd2 Rcd8 19. Rad1 a4 20. bxa4 Ra8 21. g4 Rxa4 22. Ng3 Ra8 23. g5 Ne8 24. h4 Bd6 25. Ne4 Be5 26. Nxe5 Nxe5 27. Qg3 Ng6 28. Qh3 Rad8 29. h5 Ne5 30. Qg3 Nxd3 31. Qg4 Nxb2 32. Rxd7 Rxd7 33. Rb1 Qe5 34. g6 f5 35. gxh7+ Kh8 36. Qg6 Nc7 37. Ng5 Bxg2 38. Nf7+ Rxf7 39. Qxf7 Kxh7 40. Qg6+ Kg8 41. h6 Qf6 42. h7+ Kh8 43. Qxg2 Nd3 44. Rxb6 Kxh7 45. Qh3+ Qh6 46. Qg3 Ne8 47. Rb3 Nc1 48. Rb2 1-0